 Dungeon Sprint DCSS version 0.29.1-12-g30fa7ad0bf (webtiles) character file.

Game seed: 11906045116540446726

6196 Groucho the Unseen (level 10, -20/53 HPs)
             Began as a Spriggan Enchanter on Dec 27, 2022.
             Was an Elder of Dithmenos.
             Killed from afar by an ice dragon (40 damage)
             ... with a blast of cold
             ... in the Dungeon (Sprint II: "The Violet Keep of Menkaure").
             The game lasted 00:07:36 (436 turns).

Groucho the Unseen (Spriggan Enchanter)              Turns: 436, Time: 00:07:37

Health: -20/53     AC:  5    Str:  8    XL:     10   Next: 61%
Magic:  11/29      EV: 26    Int: 17    God:    Dithmenos [****..]
Gold:   596        SH:  0    Dex: 16    Spells: 23/37 levels left

rFire   . . .      SeeInvis +   a - +1 dagger
rCold   . . .      Faith    .   (no shield)
rNeg    . . .      Spirit   .   b - +0 robe
rPois   .          Reflect  .   (helmet restricted)
rElec   .          Harm     .   j - +2 cloak
rCorr   .          Rampage  .   (gloves unavailable)
Will    +....      NoTele   +   (boots unavailable)
Stlth   +++++++++.              (no amulet)
HPRegen 0.17/turn               (no ring)
MPRegen 0.21/turn               (no ring)

@: confusing by touch, wreathed by umbra, very quick
A: very small, no large weapons, unfitting armour, see invisible, speed 3
a: Renounce Religion, Shadow Step


You were in the Dungeon.
You worshipped Dithmenos.
Dithmenos was greatly pleased with you.
You visited 1 branch You collected 1307 gold pieces.
You spent 711 gold pieces at shops.

Inventory:

Hand Weapons
 a - a +1 dagger (weapon)
Armour
 b - a +0 robe (worn)
 j - a +2 cloak (worn)
Scrolls
 i - a scroll of blinking
Potions
 c - a potion of invisibility
 d - 2 potions of curing
 e - 3 potions of heal wounds
 f - a potion of flight
 g - 2 potions of magic
 h - a potion of berserk rage
 k - 2 potions of might
 l - a potion of haste


   Skills:
 + Level 6.1 Fighting
 - Level 10.0 Short Blades
 * Level 13.6 Dodging
 - Level 16.0 Stealth
 - Level 14.0 Spellcasting
 - Level 14.0 Hexes
 + Level 5.1 Ice Magic
 - Level 5.0 Invocations


You had 23 spell levels left.
You knew the following spells:

 Your Spells              Type           Power      Damage    Failure   Level
a - Ensorcelled Hibernat  Hex/Ice        88%        N/A       1%          2
b - Confusing Touch       Hex            56%        N/A       1%          3
c - Dazzling Flash        Conj/Hex       70%        N/A       1%          3
d - Tukima's Dance        Hex            56%        N/A       1%          3
e - Ozocubu's Armour      Ice            29%        N/A       1%          3

Your spell library contained the following spells:

 Spells                   Type           Power      Damage    Failure   Level
 Metabolic Englaciation   Hex/Ice        22%        N/A       3%          5
 Simulacrum               Ice/Necr       10%        N/A       97%         6


Dungeon Overview and Level Annotations

Branches:
Dungeon (1/1)

Altars:
Cheibriados
Dithmenos
Elyvilon
Fedhas
Gozag
Hepliaklqana
Kikubaaqudgha
Makhleb
Nemelex Xobeh
Okawaru
Qazlal
Ru
Sif Muna
Trog
Uskayaw
Vehumet
Wu Jian
Xom
Yredelemnul
Zin
The Shining One
Jiyva
Lugonu

Shops:
D :[:![[=![=[[(!?

Annotations:
D exclusions: obsidian statue and oklob plant, Roxanne


Innate Abilities, Weirdness & Mutations

You are very small and have problems with some larger weapons.
You are too small for most types of armour.
You have supernaturally acute eyesight. (SInv)
You cover ground extremely quickly. (Speed+++)


Message History

Confirm with . or Enter, or press ? or * to list all spells.
Aiming: Ensorcelled Hibernation (safe; 1% risk of failure)
Press: ? - help, Shift-Dir - straight line, f/p - yak
Aim: a yak (umbra, chance to affect: 67%)
The yak looks drowsy...
The yak snorts and paws the ground.
The helpless yak fails to defend itself.
You stick the yak like a pincushion!!!!
You kill the yak!
Dithmenos accepts your kill.
Your Fighting skill increases to level 6!
Your Ice Magic skill increases to level 5!
Casting: Ensorcelled Hibernation (safe; 1% risk of failure)
Confirm with . or Enter, or press ? or * to list all spells.
You don't know that spell.
Casting: Ensorcelled Hibernation (safe; 1% risk of failure)
Confirm with . or Enter, or press ? or * to list all spells.
Aiming: Ensorcelled Hibernation (safe; 1% risk of failure)
Press: ? - help, Shift-Dir - straight line, f - yak
Aim: a yak (umbra, chance to affect: 68%)
The yak looks drowsy...
The helpless yak fails to defend itself.
You spit the yak like a pig!!!!
You kill the yak!
Dithmenos accepts your kill.
Your shadow now sometimes tangibly mimics your actions.
The hell hog breathes fire at you.
The fireball explodes!
The fireball engulfs you!!
Ouch! That really hurt!
You emit a cloud of dark smoke.
You hear a bellow!
Unknown command.
Unknown command.
Casting: Ensorcelled Hibernation (safe; 1% risk of failure)
Confirm with . or Enter, or press ? or * to list all spells.
Your hands begin to glow red.
The ice dragon breathes frost at you. The blast of cold hits you!!!
Ouch! That really hurt!
You die... #⌠.hJ$# .°° #hJYE# .°8 ##DY## ## .. . ##≈...### ~## .○.. #)≈^.Y..# ~~#+++#+ ####^...# ~~........ #.†'..^.# ~~~.##+##..#.†####Y# ~~~##.#.##.####§@Dh### ~~~#†.#.†# ...#§§#§..#### ~####...####..#####..##.# [?(!!

##.###'###†##..#..'..#..#▓?$|([
#.†.##.##.#.#..#.[#..#†.#▓$[??!
'###'.<.'###'..####..##)#▓!$:::
#.†.##.##.#.#....###.^.##▓▓▓▓▓▓
##.###'###†##......~~~~~~~~~~~~
~####.#.####~~.....~#'########+


You could see an ice dragon (catching breath), a hell hog and a yak.

Vanquished Creatures
  A deep elf master archer (D)
  A fire dragon (D)
  2 boulder beetles (D)
  A death yak (D)
  An unseen horror (D)
  A yaktaur (D)
  2 polar bears (D)
  A hornet (D)
  2 yaks (D)
  2 wyverns (D)
  Menkaure (D)
  4 water moccasins (D)
  4 necrophages (D)
  3 worms (D)
26 creatures vanquished.

Vanquished Creatures (others)
  A polar bear (D)
1 creature vanquished.

Grand Total: 27 creatures vanquished

Notes
Turn   | Place    | Note
-------+----------+-------------------------------------------
     0 | D        | Groucho the Spriggan Enchanter began the quest for the Orb.
     0 | D        | Reached XP level 1. HP: 9/9 MP: 5/5
     3 | D        | Noticed a boulder beetle
     3 | D        | Noticed a boulder beetle
     6 | D        | Noticed a necrophage
     6 | D        | Noticed a necrophage
     6 | D        | Noticed a necrophage
     6 | D        | Noticed a necrophage
    15 | D        | Killed a necrophage
    16 | D        | Reached skill level 8 in Stealth
    16 | D        | Reached skill level 5 in Hexes
    16 | D        | Reached XP level 2. HP: 13/13 MP: 5/8
    16 | D        | Reached XP level 3. HP: 16/16 MP: 6/10
    18 | D        | Killed a necrophage
    19 | D        | Reached skill level 10 in Stealth
    19 | D        | Reached skill level 5 in Spellcasting
    19 | D        | Reached XP level 4. HP: 21/21 MP: 6/12
    21 | D        | Killed a necrophage
    22 | D        | Reached skill level 5 in Short Blades
    22 | D        | Reached skill level 11 in Stealth
    22 | D        | Reached XP level 5. HP: 24/24 MP: 6/14
    23 | D        | Reached skill level 12 in Stealth
    28 | D        | Noticed a wyvern
    28 | D        | Noticed a wyvern
    31 | D        | Killed a wyvern
    32 | D        | Reached skill level 14 in Stealth
    32 | D        | Reached XP level 6. HP: 28/28 MP: 7/17
    34 | D        | Killed a wyvern
    35 | D        | Reached skill level 15 in Stealth
    35 | D        | Reached XP level 7. HP: 32/32 MP: 7/20
    52 | D        | Killed a boulder beetle
    53 | D        | Reached skill level 16 in Stealth
    53 | D        | Reached skill level 10 in Spellcasting
    53 | D        | Reached XP level 8. HP: 36/36 MP: 8/23
    55 | D        | Killed a boulder beetle
    56 | D        | Reached skill level 10 in Short Blades
    65 | D        | Noticed Roxanne
    77 | D        | Noticed an obsidian statue
    89 | D        | Found Oxiozaipp's Distillery.
    89 | D        | Found Xiziaveu's Jewellery Shop.
    89 | D        | Found Zeafai's Jewellery Shop.
    89 | D        | Found Mocrin's Antique Weapon Shop.
    89 | D        | Found Osuqohos's Antique Armour Boutique.
    90 | D        | Found Jocvurgh's Magic Scroll Shop.
    90 | D        | Found Lamarid's Antique Armour Boutique.
    90 | D        | Found Utie's Antique Armour Shop.
    90 | D        | Found Hec Ijeho's Armour Boutique.
    90 | D        | Found Loaxeho's Distillery.
    94 | D        | Learned a level 2 spell: Ensorcelled Hibernation
    98 | D        | Learned a level 3 spell: Confusing Touch
   102 | D        | Learned a level 3 spell: Dazzling Flash
   106 | D        | Learned a level 3 spell: Tukima's Dance
   106 | D        | Found Qitoe's Distillery.
   106 | D        | Found Webbaus's Armour Shop.
   106 | D        | Found Elymap Foro's Book Shop.
   106 | D        | Found Zuyrikej's Armour Boutique.
   106 | D        | Noticed Menkaure
   174 | D        | Killed Menkaure
   179 | D        | Noticed a manticore
   183 | D        | Noticed an oklob plant
   184 | D        | Found Ogyfreto's Book Shoppe.
   184 | D        | Noticed a manticore
   187 | D        | Noticed a manticore
   195 | D        | Noticed a cane toad
   199 | D        | Noticed a cane toad
   220 | D        | Bought a potion of flight for 42 gold pieces
   222 | D        | Bought a potion of flight for 33 gold pieces
   224 | D        | Bought a glowing cloak for 195 gold pieces
   238 | D        | Bought a potion of invisibility for 88 gold pieces
   238 | D        | Bought a potion of might for 44 gold pieces
   238 | D        | Bought a potion of haste for 110 gold pieces
   240 | D        | Bought a potion of might for 56 gold pieces
   245 | D        | Bought a potion of curing for 33 gold pieces
   245 | D        | Bought a potion of heal wounds for 55 gold pieces
   245 | D        | Bought a potion of heal wounds for 55 gold pieces
   265 | D        | Found a snail-covered altar of Cheibriados.
   266 | D        | Found a shadowy altar of Dithmenos.
   267 | D        | Found a white marble altar of Elyvilon.
   267 | D        | Found an ancient bone altar of Kikubaaqudgha.
   267 | D        | Found a viscous altar of Jiyva.
   268 | D        | Found a blossoming altar of Fedhas.
   268 | D        | Found a corrupted altar of Lugonu.
   268 | D        | Found a shimmering blue altar of Sif Muna.
   269 | D        | Found an opulent altar of Gozag.
   269 | D        | Found a burning altar of Makhleb.
   269 | D        | Found a bloodstained altar of Trog.
   270 | D        | Found a sparkling altar of Nemelex Xobeh.
   270 | D        | Found a hide-covered altar of Uskayaw.
   271 | D        | Found a basalt altar of Yredelemnul.
   272 | D        | Found an iron altar of Okawaru.
   272 | D        | Found a radiant altar of Vehumet.
   272 | D        | Found a glowing silver altar of Zin.
   272 | D        | Found a hazy altar of Hepliaklqana.
   272 | D        | Found a sacrificial altar of Ru.
   272 | D        | Found a shimmering altar of Xom.
   273 | D        | Found a stormy altar of Qazlal.
   273 | D        | Found an ornate altar of the Wu Jian Council.
   273 | D        | Found a glowing golden altar of the Shining One.
   278 | D        | Became a worshipper of Dithmenos the Shadowed
   289 | D        | Noticed a fire dragon
   291 | D        | Killed a fire dragon
   292 | D        | Reached skill level 1 in Fighting
   292 | D        | Reached skill level 1 in Invocations
   292 | D        | Reached XP level 9. HP: 41/41 MP: 25/28
   299 | D        | Noticed a death yak
   301 | D        | Killed a death yak
   308 | D        | Learned a level 3 spell: Ozocubu's Armour
   316 | D        | Noticed a deep elf master archer
   322 | D        | Killed a deep elf master archer
   322 | D        | Reached * piety under Dithmenos
   323 | D        | Reached skill level 10 in Dodging
   323 | D        | Reached skill level 5 in Invocations
   323 | D        | Reached XP level 10. HP: 51/51 MP: 29/29
   334 | D        | Reached ** piety under Dithmenos
   361 | D        | Reached skill level 5 in Fighting
   377 | D        | Reached *** piety under Dithmenos
   416 | D        | Noticed a hell hog
   416 | D        | Noticed a hell hog
   416 | D        | Noticed an ice dragon
   417 | D        | Noticed an iron elemental
   433 | D        | Reached skill level 5 in Ice Magic
   434 | D        | Reached **** piety under Dithmenos
   436 | D        | Killed from afar by an ice dragon

Illustrated notes

Levels and vault maps discovered:
D:        the_violet_keep_of_menkaure [sprint2_stairs_cluster_1,
          sprint2_shoproom, sprint2_temple, sprint2_basic_supplies,
          sprint2_obstacle_6, sprint2_obstacle_2, sprint2_obstacle_3,
          sprint2_obstacle_5, sprint2_obstacle_1, sprint2_timed_cluster_1,
          sprint2_smallroom_cluster_1, sprint2_smallroom_final_cluster_1,
          sprint2_transparent_cluster_1, sprint2_second_timed_cluster_1,
          sprint2_sniper_area_1, sprint2_heavy_combat_area_1,
          sprint2_mutation_trap_area_1, sprint2_forest_area_1,
          sprint2_light_combat_area_1, sprint2_behind_water_1,
          sprint2_near_end_vault_1]

Skill      XL: |  1  2  3  4  5  6  7  8  9 10 |
---------------+-------------------------------+-----
Short Blades   | 3 4 5 6 7 9 10 | 10.0
Stealth        | 8 10 11 14 15 16 | 16.0
Spellcasting   | 4 5 6 7 8 10 14 | 14.0
Hexes          | 5 6 8 11 14 | 14.0
Fighting       | 1 4 6 |  6.1
Dodging        | 4 10 13 | 13.6
Invocations    | 1 5 |  5.0
Ice Magic      | 2 5 |  5.1

Action                   |  1- 3 |  4- 6 |  7- 9 | 10-12 || total
-------------------------+-------+-------+-------+-------++-------
Melee: Dagger            |    10 |     4 |    19 |    31 ||    64
       Punch             |       |       |       |     1 ||     1
 Cast: Confusing Touch   |       |       |     1 |     4 ||     5
       Ensorcelled Hiber |       |       |       |     9 ||     9
  Use: Potion            |     2 |       |     2 |       ||     4
 Stab: Invisible         |     3 |       |       |     3 ||     6
       Sleeping          |     1 |     4 |     8 |     9 ||    22
       Confused          |       |       |     1 |     1 ||     2
Armor: Robe              |       |       |       |     3 ||     3
Dodge: Dodged            |     5 |       |     1 |    32 ||    38
